 Dungeon Crawl Stone Soup version 0.31.0-9-g3a7656b989 (webtiles) character file.

Game seed: 16379822609636428434

193 qw the Skirmisher (level 5, -4/29 HPs)
             Began as a Deep Elf Hunter on Feb 2, 2024.
             Killed by divine providence
             ... invoked by an orc priest
              (13 damage)
             ... on level 4 of the Dungeon.
             The game lasted 00:00:10 (2628 turns).

qw the Skirmisher (Deep Elf Hunter)                 Turns: 2628, Time: 00:00:10

Health: -4/29      AC:  6    Str: 16    XL:     5   Next: 44%
Magic:  7/7        EV: 11    Int: 14    God:
Gold:   189        SH:  0    Dex: 18    Spells: 4/4 levels left

rFire   + . .        a - +0 shortbow
rCold   . . .        (shield currently unavailable)
rNeg    . . .        d - +0 ring mail
rPois   .            (no helmet)
rElec   .            k - +0 cloak
rCorr   .            (no gloves)
SInv    .            (no boots)
Will    .....        (no amulet)
Stlth   +            f - ring of protection from fire
HPRegen 0.24/turn    i - +6 ring of strength
MPRegen 0.10/turn

%: no passive effects
@: no status effects
A: no striking features
a: no special abilities


You were on level 4 of the Dungeon.
You visited 1 branch of the dungeon, and saw 4 of its levels.

You collected 189 gold pieces.


   Skills:
 + Level 1.5 Fighting
 - Level 9.0 Ranged Weapons
 - Level 2.4 Dodging
 - Level 1.2 Stealth


You had 4 spell levels left.
You didn't know any spells.
Your spell library was empty.

Inventory:

Hand Weapons
 a - a +0 shortbow (weapon)
Armour
 d - a +0 ring mail (worn)
 k - a +0 cloak (worn)
Jewellery
 f - a ring of protection from fire (left hand)
 i - a +6 ring of strength (right hand)
Scrolls
 c - 3 scrolls of teleportation
Potions
 b - a potion of mutation
 e - a potion of curing
 g - a potion of berserk rage {unknown}
 h - a potion of degeneration {unknown}
 l - a potion of might {unknown}
 m - a potion of attraction {unknown}

Dungeon Overview and Level Annotations

Branches:
Dungeon (4/15)
 Temple: D:4-7

Altars:

Shops:
D:2 (   D:3 :


Message History

The quokka bites you but does no damage.
You shoot an arrow. The arrow hits the quokka.
You kill the quokka!
Your Ranged Weapons skill increases to level 9!
You start resting.
HP restored.
You now have 189 gold pieces (gained 18).
You see here a quokka corpse.
Found an escape hatch in the ceiling.
Found a stone staircase leading down.
A ball python comes into view.
You shoot an arrow. The arrow hits the ball python!
You kill the ball python!
An ogre comes into view. It is wielding a +0 giant spiked club.
An orc comes into view. It is wielding a +0 dagger.
You shoot an arrow. The orc shouts!
The arrow hits the ogre.
The ogre is moderately wounded.
You hear a shout! x2
You shoot an arrow. The arrow hits the ogre.
The ogre is moderately wounded.
An ufetubus comes into view.
You shoot an arrow. The arrow hits the ogre.
The ogre is heavily wounded.
An ufetubus comes into view.
The ogre barely misses you.
You shoot an arrow. The arrow hits the ogre.
The ogre is heavily wounded.
An orc priest comes into view. It is wielding a +0 falchion.
The ogre hits you with a +0 giant spiked club!!
Ouch! That really hurt!
You shoot an arrow. The orc priest shouts!
The arrow hits the ogre but does no damage.
The ogre is heavily wounded.
An orc priest comes into view. It is wielding a +0 dagger.
The orc priest invokes the aid of Beogh against you.
Beogh smites you!
You die...

.# ###### ..##
##....###...#
#..........>.
#...........# #.
####...%.......
#..#####..............
#..oO@..###........<..
#...##### ##..........
#... ##......... #..5
###......# ...
###....# .o ####.# o
### ..##


You could see an ogre, 2 orc priests, an ufetubus and an orc.

Vanquished Creatures
  A bombardier beetle (D:3)
  A gnoll (D:1)
  A river rat (D:3)
  5 adders
  3 dart slugs
  A ribbon worm (D:3)
  3 orcs (D:2)
  2 bats (D:3)
  7 endoplasms
  5 giant cockroaches
  8 goblins
  14 hobgoblins
  6 quokkas
  3 ball pythons
  8 frilled lizards
  8 kobolds
  5 rats
81 creatures vanquished.

Notes
Turn   | Place    | Note
-------+----------+-------------------------------------------
     0 | D:1      | qw the Deep Elf Hunter began the quest for the Orb.
     0 | D:1      | Reached XP level 1. HP: 12/12 MP: 3/3
     0 | D:1      | 0 ||| qw: Version: 0.3-a-155-g5e7d8dd
     0 | D:1      | 0 ||| qw: Game counter: 2765
     0 | D:1      | 0 ||| qw: Melee chars always use a shield: true
     0 | D:1      | 0 ||| qw: God list: Okawaru
     0 | D:1      | 0 ||| qw: Allow faded altars: false
     0 | D:1      | 0 ||| qw: Do Orc after clearing Dungeon:15 true
     0 | D:1      | 0 ||| qw: Do second Lair branch before Depths: true
     0 | D:1      | 0 ||| qw: Lair rune preference: random
     0 | D:1      | 0 ||| qw: Goals: Normal
     0 | D:1      | 0 ||| PLANNING D:1-11
   222 | D:1      | Reached XP level 2. HP: 16/16 MP: 4/4
   227 | D:1      | Reached skill level 6 in Ranged Weapons
   294 | D:1      | Reached XP level 3. HP: 20/20 MP: 5/5
   595 | D:1      | 595 ||| UPGRADING to +0 ring mail.
   605 | D:1      | 605 ||| DROPPING +0 leather armour.
   606 | D:1      | 606 ||| UPGRADING to ring of protection from fire.
   607 | D:1      | 607 ||| UPGRADING to +6 ring of strength.
   608 | D:1      | 608 ||| READING scroll labelled QYOLAD LEUBO.
   611 | D:1      | 611 ||| READING scroll labelled GAOT XOASUNK.
   712 | D:1      | 712 ||| DROPPING scroll of butterflies.
   779 | D:2      | Reached skill level 7 in Ranged Weapons
   991 | D:2      | Found Uxtizu's Antique Weapon Boutique.
  1027 | D:2      | Reached XP level 4. HP: 25/25 MP: 6/6
  1470 | D:2      | 1470 ||| READING scroll labelled TAS WEKEIGO.
  1470 | D:2      | 1470 ||| IDENTIFYING viscous dark potion
  1471 | D:2      | 1471 ||| DRINKING 2 sedimented dark potions.
  1493 | D:3      | 1493 ||| PLANNING SEWER
  1591 | D:3      | Reached skill level 8 in Ranged Weapons
  1828 | D:3      | Found Zarruisu's Book Emporium.
  1990 | D:3      | Reached XP level 5. HP: 25/29 MP: 7/7
  2087 | D:3      | Found a faded altar of an unknown god.
  2146 | D:3      | 2146 ||| RIP SEWER
  2187 | D:3      | 2187 ||| PLANNING D:1-11
  2507 | D:3      | 2507 ||| UPGRADING to +0 cloak.
  2512 | D:3      | 2512 ||| READING scroll labelled AXOELU BIPNAUW.
  2579 | D:4      | Reached skill level 9 in Ranged Weapons
  2623 | D:4      | Noticed an ogre
  2628 | D:4      | Killed from afar by an orc priest

Levels and vault maps discovered:
D:1:      psy_arrival_spokes, layout_basic
D:2:      layout_loops_ring, serial_shops, nicolae_shop_tiny_real_fake_doors,
          guppyfry_early_orc_mine
D:3:      layout_loops_corners, serial_shops, shop, gup_sewer_entry_spiral,
          hellmonk_ecumenical_altar_lost_god, minmay_lizard_king
D:4:      layout_cave_pods, mainiacjoe_overflow_small_starburst,
          minmay_temple_entry_junction

Skill      XL: |  1  2  3  4  5 |
---------------+----------------+-----
Ranged Weapons | 6 7 8 9 |  9.0
Fighting       | |  1.5
Dodging        | |  2.4
Stealth        | |  1.2

Action                     |  1- 3 |  4- 6 || total
---------------------------+-------+-------++-------
   Fire: Shortbow          |   105 |   131 ||   236
    Use: Scroll            |     2 |     2 ||     4
         Potion            |       |     1 ||     1
 Armour: Leather armour    |     1 |       ||     1
         Ring mail         |    15 |    44 ||    59
  Dodge: Dodged            |    20 |    37 ||    57

Table legend:
 A = Non-vault XP
 B = Vault XP
 C = Vault XP percentage of total XP
 D = Non-vault monster count
 E = Vault monster count
 F = Vault count percentage of total count
                 A         B        C        D         E       F
            +---------+---------+-------+---------+---------+-------
      Total |     203 |      74 |  26.7 |      61 |      20 |  24.7
            +---------+---------+-------+---------+---------+-------
        D:1 |      57 |       0 |   0.0 |      25 |       0 |   0.0
        D:2 |      57 |      17 |  23.0 |      18 |       7 |  28.0
        D:3 |      86 |      57 |  39.9 |      16 |      13 |  44.8
        D:4 |       3 |       0 |   0.0 |       2 |       0 |   0.0
            +---------+---------+-------+---------+---------+-------
